 Dungeon Crawl Stone Soup version 0.31.0-9-g3a7656b989 (webtiles) character file.

Game seed: 1911867301971103575

12665 Aneyh the Summoner (level 11, 0/70 HPs)
             Began as a Tengu Monk on Jan 25, 2024.
             Was a High Priest of Hepliaklqana.
             Slain by a skyshark (8 damage)
             ... on level 3 of the Lair of Beasts.
             The game lasted 00:27:20 (10019 turns).

Aneyh the Summoner (Tengu Monk)                    Turns: 10019, Time: 00:27:21

Health: 0/70       AC:  7    Str: 11    XL:     11   Next: 96%
Magic:  8/12       EV: 19    Int: 14    God:    Hepliaklqana [*****.]
Gold:   563        SH:  0    Dex: 24    Spells: 3/10 levels left

rFire   . . .        b - +1 scythe (vamp)
rCold   . . .        (shield currently unavailable)
rNeg    . . .        T - +0 steam dragon scales
rPois   .            (helmet restricted)
rElec   .            E - +0 cloak
rCorr   .            V - +0 pair of gloves
SInv    .            (boots unavailable)
Will    .....        (no amulet)
Stlth   ++           u - ring of wizardry
HPRegen 0.31/turn    P - +6 ring of dexterity
MPRegen 0.13/turn

%: acrobat, wizardry (x1)
@: flying, studying Earth Magic
A: reduced essence, beak, talons 3, evasive flight, acrobatic
a: Renounce Religion, Recall Ancestor, Ancestor Identity, Transference, Idealise


You were on level 3 of the Lair of Beasts.
You worshipped Hepliaklqana.
Hepliaklqana was extremely pleased with you.
You visited 3 branches of the dungeon, and saw 13 of its levels.
You also visited: Sewer.

You collected 563 gold pieces.

Inventory:

Hand Weapons
 a - the +2 falchion of In Flagrante Delicto {heavy, rN+ Int+2}
   (You found it on level 5 of the Dungeon)

   Int+2:     It affects your intelligence (+2).
   rN+:       It protects you from negative energy.
 b - a +1 vampiric scythe (weapon)
 g - a +4 spear
 j - a +0 trident
 k - a +5 great sword
 v - a +0 shortbow
 w - a +2 great sword of freezing
 x - a +0 battleaxe
 z - a +2 short sword of electrocution
 D - a +3 quarterstaff of chaos
 F - the +1 hammer of Idexzyme {flame, rF+ SInv}
   (You found it on level 4 of the Dungeon)

   rF+:       It protects you from fire.
   SInv:      It lets you see invisible.
 K - a +2 flail of protection
 L - a +4 flail of draining
 Q - a +0 halberd
 R - a +0 war axe
Missiles
 p - a throwing net
 B - 17 poisoned darts
 N - 10 boomerangs
Armour
 E - a +0 cloak (worn)
 M - a +3 scale mail of fire resistance
 T - +0 steam dragon scales (worn)
 V - a +0 pair of gloves (worn)
Jewellery
 u - a ring of wizardry (left hand)
 J - the ring of Suspicion {Ice rN+}
   (You found it on level 5 of the Dungeon)

   [ring of ice]

   Ice:       It enhances your ice magic.
   rF-:       It makes you vulnerable to fire.
   rC+:       It protects you from cold.
   rN+:       It protects you from negative energy.
 P - a +6 ring of dexterity (right hand)
 W - a ring of resist corrosion
Wands
 m - a wand of flame (63)
Scrolls
 d - a scroll of revelation {unknown}
 l - a scroll of butterflies {unknown}
 n - 3 scrolls of immolation
 o - a scroll of silence {unknown}
 t - a scroll of blinking
 y - a scroll of brand weapon
 A - 2 scrolls of fear
 C - a scroll of teleportation
 H - 3 scrolls of vulnerability
 S - a scroll of fog {unknown}
Potions
 c - 2 potions of magic {unknown}
 e - a potion of cancellation {unknown}
 f - a potion of berserk rage {unknown}
 h - 3 potions of curing {unknown}
 i - 3 potions of heal wounds
 q - 3 potions of brilliance
 r - 3 potions of invisibility
 s - 3 potions of degeneration
 I - 2 potions of enlightenment
 O - 2 potions of haste {unknown}
 U - a potion of lignification {unknown}


   Skills:
 + Level 13.0 Fighting
 - Level 8.0 Long Blades
 - Level 4.0 Polearms
 - Level 4.0 Dodging
 * Level 13.5 Summonings


You had 3 spell levels left.
You knew the following spells:

 Your Spells              Type           Power      Damage    Failure   Level
a - Summon Mana Viper     Hex/Summ       18%        N/A       21%         5
b - Call Imp              Summ           74%        N/A       1%          2

Your spell library contained the following spells:

 Spells                   Type           Power      Damage    Failure   Level
 Lesser Beckoning         Tloc           0%         N/A       17%         2
 Sublimation of Blood     Necr           0%         N/A       17%         2
 Gell's Gravitas          Tloc           0%         N/A       32%         3
 Teleport Other           Tloc           0%         N/A       32%         3
 Tukima's Dance           Hex            0%         N/A       32%         3
 Summon Cactus Giant      Summ           18%        N/A       7%          6
 Summon Forest            Summ/Tloc      9%         N/A       21%         5
 Summon Hydra             Summ           18%        N/A       34%         7
 Anguish                  Hex/Necr       0%         N/A       71%         4
 Cause Fear               Hex            0%         N/A       71%         4
 Dimensional Bullseye     Hex/Tloc       0%         N/A       71%         4
 Iskenderun's Mystic Bla  Conj/Tloc      0%         2d3       71%         4
 Dispersal                Tloc           0%         N/A       100%        6
 Enfeeble                 Hex            0%         N/A       100%        7


Dungeon Overview and Level Annotations

Branches:
Dungeon (9/15)             Temple (1/1) D:4            Lair (3/5) D:9
  Sewer (visited)
  Swamp: Lair:2-3    Shoals: Lair:2-3     Snake: Lair:2-3    Spider: Lair:2-3
    Orc: D:9-12

Altars:
Ashenzari
Cheibriados
Dithmenos
Elyvilon
Fedhas
Gozag
Hepliaklqana
Kikubaaqudgha
Makhleb
Nemelex Xobeh
Okawaru
Qazlal
Ru
Sif Muna
Trog
Uskayaw
Vehumet
Wu Jian
Xom
Yredelemnul
Zin
The Shining One

Annotations:
D:5 Pikel
Lair:2 1 runed translucent door, Wuvuatt's ghost, journeyman MiBe


Innate Abilities, Weirdness & Mutations

Your life essence is reduced to manifest your ancestor. (-10% HP)
You have a beak for a mouth.
You have claws for feet.
Your magical flight helps you evade attacks. (EV +4)
You can magically evade attacks while moving or waiting.


Message History

A yak comes into view.
The skyshark closely misses Publius.
The skyshark tail-slaps Publius!
The skyshark closely misses Publius.
Publius hits the skyshark with a +0 quarterstaff!
You feel a sense of dread.
b - a +1 vampiric scythe (weapon)
Your mana viper bites the skyshark!
The skyshark barely misses Publius.
The skyshark tail-slaps Publius!
The skyshark tail-slaps Publius.
You hit the cane toad.
You feel better.
Your kick misses the cane toad.
The cane toad is lightly wounded.
Your mana viper bites the skyshark.
Publius hits the skyshark but does no damage.
The cane toad completely misses you. The skyshark bites your mana viper!
The skyshark enters a blood-rage!
The skyshark tail-slaps your mana viper!
The skyshark completely misses your mana viper.
Reach: b) +1 scythe (vamp)
Press: ? - help, Dir - move target, f - skyshark
Aim: a skyshark (severely wounded, berserk, not watching you, ally target, about 26% to evade your +1 vampiric scythe)
You reach to attack!
You hit the skyshark.
The skyshark is severely wounded.
Your mana viper bites the skyshark.
The cane toad closely misses you.
The skyshark bites Publius!!
Publius is destroyed!
Your mana viper bites the skyshark.
The cane toad completely misses you.
You puncture the skyshark!
You feel better.
The skyshark is almost dead.
Your mana viper bites the skyshark!!
The skyshark bites you! The skyshark tail-slaps you.
* * * LOW HITPOINT WARNING * * *
The skyshark misses you. The cane toad closely misses you.
Your mana viper misses the skyshark.
The skyshark misses you. The skyshark completely misses you. x2
You barely miss the skyshark. Your kick misses the skyshark.
The skyshark is almost dead.
Your mana viper completely misses the skyshark.
The cane toad stings you!
* * * LOW HITPOINT WARNING * * *
The skyshark bites you!
You die...

######
###.#..##
###.......#
..........##
#........#
##...SF..#
#....F@..#
##.......#
#..+#Y#.#
##. .#.## #.
. ## # #. #.
..


You could see a skyshark (berserk, ally target), a yak, a cane toad and a
friendly mana viper (summoned).

Vanquished Creatures
  A black mamba (Lair:1)
  A cane toad (Lair:2)
  A blink frog (Lair:1)
  A shadow (D:8)
  10 yaks
  2 wraiths (D:9)
  2 wyverns (D:9)
  A basilisk (D:9)
  A steam dragon (D:6)
  Menkaure (D:6)
  Edmund (D:6)
  9 water moccasins
  Duvessa (D:7)
  An ice beast (D:8)
  A sky beast (D:6)
  An ogre (D:6)
  2 centaurs
  3 phantoms
  A kobold brigand (Sewer)
  A lemure (D:6)
  4 bullfrogs
  3 scorpions
  11 wights
  4 killer bees (D:8)
  A howler monkey (D:8)
  A hound (D:6)
  A jelly (D:5)
  Jessica (D:2)
  2 iguanas (D:5)
  8 gnolls
  7 adders
  A white imp (D:5)
  3 dart slugs
  5 ribbon worms
  5 orcs
  11 ball pythons
  3 bats
  10 endoplasms
  3 giant cockroaches
  3 goblins
  3 hobgoblins
  4 jackals (D:3)
  6 kobolds
  3 quokkas
  2 frilled lizards
  5 rats
152 creatures vanquished.

Vanquished Creatures (collateral kills)
  A manticore (D:8)
  Maurice (D:9)
  2 komodo dragons
  A hornet (D:9)
  3 blink frogs (Lair:1)
  Sigmund (D:4)
  A vampire (D:9)
  2 basilisks (Lair:1)
  13 yaks
  4 water moccasins
  A black bear (D:5)
  3 ogres (D:5)
  A wolf (Lair:2)
  A centaur (D:9)
  2 kobold brigands (Sewer)
  A lemure (D:5)
  A scorpion (D:5)
  Dowan (D:7)
  A wight (D:8)
  A killer bee (D:8)
  A gnoll bouda (D:7)
  An orc priest (D:9)
  Crazy Yiuf (D:4)
  An iguana (D:4)
  An orc wizard (D:8)
  4 adders
  5 gnolls
  A river rat (Sewer)
  4 ribbon worms
  6 orcs
  A ball python (Sewer)
  2 endoplasms (Sewer)
  2 giant cockroaches (D:4)
  A quokka (D:4)
  6 kobolds
  3 rats
82 creatures vanquished.

Vanquished Creatures (others)
  8 battlemagi
8 creatures vanquished.

Grand Total: 242 creatures vanquished

Notes
Turn   | Place    | Note
-------+----------+-------------------------------------------
     0 | D:1      | Aneyh the Tengu Monk began the quest for the Orb.
     0 | D:1      | Reached XP level 1. HP: 14/14 MP: 2/2
   147 | D:1      | Reached XP level 2. HP: 19/19 MP: 3/3
   705 | D:2      | Noticed Jessica
   708 | D:2      | Killed Jessica
   709 | D:2      | Reached skill level 5 in Long Blades
   709 | D:2      | Reached XP level 3. HP: 23/23 MP: 4/4
   868 | D:2      | Reached XP level 4. HP: 28/28 MP: 5/5
  2074 | D:3      | Found a faded altar of an unknown god.
  2322 | D:4      | Found a staircase to the Ecumenical Temple.
  2334 | Temple   | Entered the Ecumenical Temple
  2354 | Temple   | Became a worshipper of Hepliaklqana the Forgotten
  2354 | Temple   | Reached * piety under Hepliaklqana
  2354 | Temple   | Reached ** piety under Hepliaklqana
  2355 | Temple   | Remembered your ancestor Publius as a battlemage
  2397 | D:4      | Noticed Sigmund
  2405 | D:4      | Killed Sigmund
  2406 | D:4      | Reached XP level 5. HP: 5/28 MP: 6/6
  2406 | D:4      | Reached XP level 6. HP: 6/33 MP: 7/7
  2978 | D:4      | Found a glowing drain.
  2984 | D:4      | Reached skill level 1 in Polearms
  2988 | Sewer    | Entered a sewer
  3149 | Sewer    | Gained mutation: Your magical flight helps you evade
                  | attacks. (EV +4) [Tengu growth]
  3149 | Sewer    | Reached XP level 7. HP: 36/39 MP: 8/8
  3402 | Sewer    | Reached skill level 5 in Fighting
  3772 | D:4      | Found a runed translucent door.
  3773 | D:4      | Noticed Crazy Yiuf
  3780 | D:4      | Killed Crazy Yiuf
  3787 | D:4      | Identified the +1 hammer of Idexzyme {flame, rF+ SInv}
  3828 | D:5      | Entered Level 5 of the Dungeon
  3838 | D:5      | Reached XP level 8. HP: 46/46 MP: 9/9
  3885 | D:5      | Learned a level 5 spell: Summon Mana Viper
  3992 | D:5      | Learned a level 2 spell: Call Imp
  4004 | D:5      | Identified the ring of Suspicion {Ice rN+}
  4044 | D:5      | Reached *** piety under Hepliaklqana
  4051 | D:5      | Reached skill level 1 in Summonings
  4147 | D:5      | Noticed Pikel
  4148 | D:5      | Identified the +2 falchion of In Flagrante Delicto {heavy,
                  | rN+ Int+2}
  4181 | D:6      | HP: 1/48 [scorpion (5)]
  4350 | D:6      | Noticed Edmund
  4362 | D:6      | Reached XP level 9. HP: 49/53 MP: 8/10
  4368 | D:6      | Killed Edmund
  4463 | D:6      | Noticed Menkaure
  4470 | D:6      | Killed Menkaure
  4631 | D:6      | Found a shimmering altar of Xom.
  4915 | D:6      | Found an ancient bone altar of Kikubaaqudgha.
  4917 | D:6      | Found a sacrificial altar of Ru.
  4925 | D:6      | Found an iron altar of Okawaru.
  4931 | D:6      | Found a hide-covered altar of Uskayaw.
  4936 | D:6      | Found a shadowy altar of Dithmenos.
  4939 | D:6      | Found a broken altar of Ashenzari.
  4963 | D:6      | Reached skill level 5 in Summonings
  5531 | D:7      | Reached **** piety under Hepliaklqana
  5552 | D:7      | Noticed Dowan
  5553 | D:7      | Noticed Duvessa
  5563 | D:7      | Killed Duvessa
  5570 | D:7      | Killed Dowan
  6009 | D:8      | Reached skill level 10 in Fighting
  6136 | D:8      | Noticed a komodo dragon
  6141 | D:8      | Killed a komodo dragon
  6142 | D:8      | Reached XP level 10. HP: 45/61 MP: 8/11
  6290 | D:8      | Noticed a manticore
  6302 | D:8      | Killed a manticore
  7196 | D:9      | Reached skill level 10 in Summonings
  7399 | D:9      | Found a staircase to the Lair.
  7410 | D:9      | Reached XP level 11. HP: 68/68 MP: 6/12
  7491 | D:9      | Noticed Maurice
  7499 | D:9      | Killed Maurice
  8287 | D:9      | Paralysed by a hornet for 3 turns
  8876 | Lair:1   | Entered Level 1 of the Lair of Beasts
  8880 | Lair:1   | Reached ***** piety under Hepliaklqana
  9748 | Lair:1   | Noticed an eight-headed hydra
  9796 | Lair:2   | Found a runed translucent door.
  9796 | Lair:2   | Noticed Wuvuatt's ghost (journeyman MiBe)
 10006 | Lair:2   | Noticed a skyshark
 10006 | Lair:2   | Noticed a skyshark
 10019 | Lair:3   | Slain by a skyshark

Illustrated notes

Levels and vault maps discovered:
D:1:      wander_arrival_chamber, layout_basic, grunt_decor_clamped,
          minmay_pentomino_p4
D:2:      layout_loops_ring, minivault_23, columned_hall_lemuel, st_stairs_3,
          uniq_jessica
D:3:      layout_loops_corners, ebering_ecumenical_altar_sacrificial,
          dk_noncrumbling_3, kennysheep_orc_chapel
D:4:      layout_basic, minmay_temple_entry_drinking_statues,
          portal_sewer_entry_e, nicolae_underground_beach,
          uniq_crazy_yiuf_cottage, uniq_sigmund
D:5:      layout_layer_cave, kennysheep_decorative_pillar, uniq_pikel
D:6:      layout_rooms, mainiacjoe_overflow_brackets,
          nicolae_overflow_hallway_of_the_gods, serial_bayou_pond_e,
          uniq_menkaure, uniq_edmund
D:7:      layout_loops_ring, uniq_duvessa
D:8:      layout_loops_ring, minmay_manual_mess
D:9:      layout_roguey, minmay_lair_entry_grove, uniq_maurice
Temple:   eino_wide_crystal_templ
Lair:1:   layout_regular_city, grunt_megastairs_4
Lair:2:   layout_gridlike, ebering_ghost_reflecting_pool,
          portal_ice_cave_demonic_guard
Lair:3:   layout_roguey, palyth_hydra_swamp_entry, dummy_snake_entry,
          serial_bayou_pond_a, worms_lemuel

Skill      XL: |  1  2  3  4  5  6  7  8  9 10 11 |
---------------+----------------------------------+-----
Long Blades    | 5 7 8 |  8.0
Fighting       | 4 6 8 10 11 13 | 13.0
Polearms       | 1 3 4 |  4.0
Summonings     | 3 6 10 13 | 13.5
Dodging        | 4 |  4.0

Action                     |  1- 3 |  4- 6 |  7- 9 | 10-12 || total
---------------------------+-------+-------+-------+-------++-------
  Melee: Falchion          |    44 |    43 |    73 |    86 ||   246
         Kick              |    15 |    16 |    51 |    62 ||   144
         Peck              |     8 |    14 |    25 |    43 ||    90
         Punch             |     1 |     1 |     1 |     1 ||     4
         Halberd           |       |    26 |    58 |    98 ||   182
         Flail             |       |       |    27 |       ||    27
   Fire: Sling             |    22 |    29 |       |       ||    51
   Cast: Call Imp          |       |       |     8 |    11 ||    19
         Summon Mana Viper |       |       |       |     9 ||     9
 Invoke: Ancestor Life: Ba |       |     1 |       |       ||     1
         Recall Ancestor   |       |     1 |       |     1 ||     2
    Use: Potion            |       |       |     3 |     1 ||     4
         Scroll            |       |       |     9 |     2 ||    11
   Stab: Distracted        |       |     2 |     4 |     4 ||    10
         Sleeping          |       |       |     1 |     1 ||     2
 Armour: Robe              |     8 |       |       |       ||     8
         Leather armour    |    14 |    40 |    49 |       ||   103
         Steam dragon scal |       |       |    19 |   105 ||   124
  Dodge: Dodged            |    38 |    80 |   130 |   197 ||   445
